[ AOE2 MATCH · #461202675 ]
UnrankedGeorgians vs Lithuanians
[ REPLAY ANALYSIS · EXTRACTED FROM THE RECORDED GAME ]
Feudal
9:51
Castle
19:10
Imperial
34:43
| APM avg | 57.3 |
| APM peak | 90 |
| eAPM avg | 33.8 |
| Villagers / military | 130 / 346 |
Focus
⚔️ 57.2% · 🌾 42.8%
Knight ×316 · Trade Cart ×28 · Fire Galley ×7 · Scout Cavalry ×6 · Fishing Ship ×5 · Cannon Galleon ×5
Feudal
9:53
Castle
20:51
Imperial
39:37
| APM avg | 63.1 |
| APM peak | 131 |
| eAPM avg | 37.0 |
| Villagers / military | 240 / 355 |
Focus
⚔️ 54.5% · 🌾 45.5%
Leitis ×300 · Archer ×45 · Trade Cart ×14 · Trebuchet (Packed) ×6 · Monk ×3 · Fishing Ship ×3
Feudal
9:30
Castle
19:45
Imperial
34:47
| APM avg | 54.8 |
| APM peak | 91 |
| eAPM avg | 28.2 |
| Villagers / military | 273 / 261 |
Focus
⚔️ 41.3% · 🌾 58.7%
Spearman ×68 · Camel Scout ×66 · Knight ×50 · Scout Cavalry ×43 · War Elephant ×21 · Trebuchet (Packed) ×6
Feudal
10:10
Castle
20:13
Imperial
39:30
| APM avg | 73.4 |
| APM peak | 117 |
| eAPM avg | 30.3 |
| Villagers / military | 134 / 355 |
Focus
⚔️ 31.2% · 🌾 68.8%
Scout Cavalry ×123 · Knight ×77 · Mameluke ×74 · Camel Scout ×67 · Trade Cart ×22 · Fire Galley ×6
Feudal
11:46
Castle
25:13
Imperial
38:04
| APM avg | 33.8 |
| APM peak | 74 |
| eAPM avg | 19.8 |
| Villagers / military | 153 / 100 |
Focus
⚔️ 33.2% · 🌾 66.8%
Longbowman ×40 · Archer ×36 · Skirmisher ×10 · Fishing Ship ×10 · Trebuchet (Packed) ×7 · Fire Galley ×3
Feudal
9:20
Castle
26:01
Imperial
38:16
| APM avg | 30.3 |
| APM peak | 61 |
| eAPM avg | 17.5 |
| Villagers / military | 151 / 109 |
Focus
⚔️ 34.1% · 🌾 65.9%
Trade Cart ×45 · Scorpion ×29 · Archer ×28 · Mangonel ×27 · Trebuchet (Packed) ×9 · Militia ×6
Feudal
8:55
Castle
19:07
Imperial
40:48
| APM avg | 44.3 |
| APM peak | 88 |
| eAPM avg | 23.6 |
| Villagers / military | 186 / 206 |
Focus
⚔️ 38.6% · 🌾 61.4%
Skirmisher ×138 · Archer ×56 · Trebuchet (Packed) ×9 · Fishing Ship ×5 · Mangudai ×3
Feudal
12:34
Castle
17:22
Imperial
37:07
| APM avg | 65.8 |
| APM peak | 138 |
| eAPM avg | 22.3 |
| Villagers / military | 165 / 195 |
Focus
⚔️ 46.4% · 🌾 53.6%
Genoese Crossbowman ×106 · Archer ×74 · Unknown (882) ×25 · Trade Cart ×13 · Bombard Cannon ×5 · Trebuchet (Packed) ×5
Match map
Initial resources + every placement click. Lines = walls · curves = elevation contours. ◆ gold · ⬟ stone · ● berries · ✦ relic · ◌ wall gap
Your base· ✓ Map-separated
Fs.Nicolau Mendes's base· ✓ Map-separated
Fs.Alive's base· ✓ Map-separated
[Gaucho]Pipe's base· ✓ Map-separated
Fs.Costinha's base· ✓ Map-separated
niap_cinorhc's base· ✓ Map-separated
Fs.Mister B.'s base· ✓ Map-separated
Near's base· ✓ Map-separated
Smoothed initial terrain · ◌ = detected wall gap · hover for details
Inputs per minute
— AceRx - - Fs.Nicolau Mendes
Build order — AceRx
First 150 of 607 actions detected
| 0:01 | Create | Villager (Male) |
| 0:01 | Create | Villager (Male) |
| 0:02 | Create | Villager (Male) |
| 0:04 | Research | Loom |
| 0:05 | Build | House |
| 0:06 | Build | House |
| 0:25 | Create | Villager (Male) |
| 0:27 | Create | Villager (Male) |
| 0:27 | Create | Villager (Male) |
| 0:30 | Create | Villager (Male) |
| 1:11 | Create | Villager (Male) |
| 1:33 | Create | Villager (Male) |
| 1:57 | Create | Villager (Male) |
| 2:29 | Create | Villager (Male) |
| 2:37 | Build | Dock |
| 2:51 | Build | House |
| 2:57 | Create | Villager (Male) |
| 3:31 | Create | Fishing Ship |
| 3:44 | Create | Villager (Male) |
| 3:51 | Build | Mule Cart |
| 4:18 | Create | Villager (Male) |
| 4:35 | Create | Villager (Male) |
| 4:45 | Create | Fishing Ship |
| 5:07 | Build | House |
| 5:08 | Create | Villager (Male) |
| 5:21 | Create | Villager (Male) |
| 5:36 | Create | Villager (Male) |
| 5:38 | Build | House |
| 5:44 | Create | Fishing Ship |
| 6:39 | Create | Villager (Male) |
| 6:58 | Create | Villager (Male) |
| 7:02 | Create | Fishing Ship |
| 7:09 | Build | House |
| 7:41 | Research | Feudal Age |
| 8:03 | Build | Mule Cart |
| 8:14 | Build | Barracks |
| 9:29 | Create | Villager (Male) |
| 9:31 | Build | Mill |
| 9:51 | Age | Feudal Age |
| 9:54 | Build | Stable |
| 9:56 | Research | Double-Bit Axe |
| 10:08 | Create | Fishing Ship |
| 10:16 | Create | Villager (Male) |
| 10:18 | Research | Horse Collar |
| 10:38 | Create | Scout Cavalry |
| 10:39 | Create | Scout Cavalry |
| 10:43 | Create | Villager (Male) |
| 10:51 | Build | Farm |
| 10:52 | Build | Farm |
| 11:06 | Create | Villager (Male) |
| 11:12 | Build | House |
| 11:16 | Build | Farm |
| 11:19 | Build | Farm |
| 11:20 | Build | Farm |
| 11:20 | Build | Farm |
| 11:21 | Create | Villager (Male) |
| 11:31 | Build | Farm |
| 11:32 | Create | Villager (Male) |
| 11:56 | Build | Farm |
| 11:57 | Create | Villager (Male) |
| 12:28 | Create | Villager (Male) |
| 12:56 | Create | Scout Cavalry |
| 12:59 | Build | House |
| 13:13 | Create | Villager (Male) |
| 13:14 | Build | Blacksmith |
| 13:33 | Create | Scout Cavalry |
| 13:34 | Create | Villager (Male) |
| 13:45 | Create | Villager (Male) |
| 13:45 | Build | Farm |
| 13:47 | Build | Farm |
| 13:59 | Create | Villager (Male) |
| 14:09 | Create | Scout Cavalry |
| 14:19 | Build | Farm |
| 14:39 | Create | Villager (Male) |
| 14:53 | Research | Forging |
| 15:00 | Build | House |
| 15:06 | Create | Spearman |
| 15:07 | Create | Spearman |
| 15:09 | Create | Scout Cavalry |
| 15:17 | Build | Palisade Wall |
| 15:19 | Build | Palisade Wall |
| 15:25 | Build | Palisade Wall |
| 15:29 | Build | Mule Cart |
| 15:36 | Build | Palisade Wall |
| 15:47 | Create | Villager (Male) |
| 15:57 | Build | Farm |
| 16:09 | Build | House |
| 16:19 | Build | Farm |
| 16:30 | Research | Castle Age |
| 17:07 | Research | Scale Barding Armor |
| 17:30 | Build | Stable |
| 17:35 | Research | Bloodlines |
| 17:40 | Build | Farm |
| 17:48 | Build | House |
| 17:51 | Build | Palisade Gate |
| 17:52 | Build | Palisade Wall |
| 17:53 | Build | Palisade Wall |
| 17:55 | Create | Spearman |
| 18:31 | Create | Spearman |
| 19:10 | Age | Castle Age |
| 19:12 | Research | Light Cavalry (upgrade) |
| 19:14 | Create | Villager (Male) |
| 19:18 | Create | Knight |
| 19:18 | Create | Knight |
| 19:30 | Build | Town Center |
| 19:34 | Build | Town Center |
| 19:39 | Build | Monastery |
| 19:47 | Research | Wheelbarrow |
| 19:59 | Create | Villager (Male) |
| 20:07 | Create | Knight |
| 20:18 | Create | Villager (Male) |
| 20:28 | Create | Villager (Male) |
| 20:30 | Create | Villager (Male) |
| 20:37 | Build | Farm |
| 20:38 | Create | Villager (Male) |
| 20:47 | Create | Villager (Male) |
| 20:53 | Build | Market |
| 20:59 | Create | Villager (Male) |
| 21:05 | Create | Villager (Male) |
| 21:18 | Create | Villager (Male) |
| 21:29 | Create | Knight |
| 21:32 | Create | Villager (Male) |
| 21:34 | Create | Knight |
| 21:45 | Create | Villager (Male) |
| 21:52 | Create | Villager (Male) |
| 22:06 | Create | Knight |
| 22:06 | Create | Knight |
| 22:10 | Create | Villager (Male) |
| 22:15 | Create | Villager (Male) |
| 22:19 | Create | Villager (Male) |
| 22:23 | Create | Villager (Male) |
| 22:32 | Create | Knight |
| 22:35 | Create | Villager (Male) |
| 22:40 | Create | Villager (Male) |
| 22:43 | Build | Town Center |
| 22:49 | Create | Villager (Male) |
| 22:58 | Create | Villager (Male) |
| 23:01 | Build | Farm |
| 23:04 | Create | Villager (Male) |
| 23:06 | Create | Villager (Male) |
| 23:11 | Build | House |
| 23:12 | Build | House |
| 23:12 | Build | House |
| 23:15 | Build | Farm |
| 23:20 | Create | Villager (Male) |
| 23:32 | Create | Villager (Male) |
| 23:36 | Build | House |
| 23:51 | Research | Husbandry |
| 23:53 | Build | Farm |
| 23:53 | Build | Farm |
Build order — Fs.Nicolau Mendes
First 150 of 832 actions detected
| 0:00 | Create | Villager (Male) |
| 0:01 | Research | Loom |
| 0:03 | Build | Outpost |
| 0:06 | Build | House |
| 0:09 | Build | House |
| 0:19 | Create | Villager (Male) ×5 |
| 0:24 | Create | Villager (Male) |
| 1:07 | Build | Lumber Camp |
| 1:12 | Create | Villager (Male) |
| 1:52 | Create | Villager (Male) |
| 2:07 | Create | Villager (Male) |
| 2:38 | Create | Villager (Male) |
| 2:52 | Build | House |
| 2:55 | Create | Villager (Male) |
| 3:25 | Create | Villager (Male) |
| 3:43 | Create | Villager (Male) |
| 3:50 | Build | Dock |
| 4:24 | Create | Villager (Male) |
| 4:34 | Create | Fishing Ship |
| 4:47 | Build | House |
| 4:56 | Create | Villager (Male) |
| 5:20 | Create | Fishing Ship |
| 5:25 | Create | Villager (Male) |
| 5:35 | Create | Villager (Male) ×2 |
| 6:00 | Create | Villager (Male) |
| 6:17 | Create | Villager (Male) |
| 6:24 | Create | Fishing Ship |
| 6:39 | Create | Villager (Male) |
| 6:52 | Build | House |
| 7:05 | Create | Villager (Male) |
| 7:15 | Build | Mill |
| 7:37 | Research | Feudal Age |
| 8:28 | Build | Mining Camp |
| 8:40 | Build | Barracks |
| 9:12 | Create | Villager (Male) |
| 9:27 | Build | House |
| 9:50 | Create | Villager (Male) |
| 9:53 | Age | Feudal Age |
| 9:59 | Build | Archery Range |
| 10:02 | Build | Archery Range |
| 10:07 | Create | Villager (Male) |
| 10:11 | Research | Double-Bit Axe |
| 10:31 | Create | Villager (Male) |
| 10:44 | Create | Villager (Male) |
| 10:51 | Create | Archer |
| 10:52 | Create | Archer |
| 11:02 | Create | Archer |
| 11:03 | Create | Villager (Male) ×5 |
| 11:03 | Create | Villager (Male) |
| 11:11 | Build | Blacksmith |
| 11:25 | Create | Archer |
| 11:26 | Create | Villager (Male) |
| 11:53 | Build | House |
| 11:58 | Create | Archer |
| 12:06 | Create | Villager (Male) |
| 12:10 | Build | House |
| 12:16 | Research | Fletching |
| 12:26 | Create | Villager (Male) |
| 12:27 | Create | Archer |
| 12:28 | Create | Villager (Male) |
| 12:32 | Create | Villager (Male) |
| 12:35 | Create | Villager (Male) |
| 12:39 | Create | Villager (Male) |
| 12:40 | Create | Villager (Male) ×5 |
| 12:47 | Create | Villager (Male) |
| 13:08 | Create | Villager (Male) |
| 13:18 | Build | Mill |
| 13:34 | Create | Archer |
| 13:38 | Create | Villager (Male) |
| 13:39 | Create | Archer |
| 13:41 | Create | Villager (Male) |
| 13:44 | Build | House |
| 13:47 | Create | Villager (Male) ×3 |
| 13:55 | Create | Archer |
| 14:04 | Create | Archer |
| 14:05 | Create | Archer |
| 14:18 | Build | House |
| 14:34 | Create | Villager (Male) ×3 |
| 14:43 | Create | Archer |
| 14:43 | Create | Archer |
| 14:44 | Create | Archer |
| 15:11 | Create | Archer |
| 15:16 | Create | Villager (Male) |
| 15:43 | Create | Archer |
| 15:44 | Create | Archer |
| 15:44 | Create | Villager (Male) |
| 16:01 | Build | Market |
| 16:06 | Create | Villager (Male) |
| 16:45 | Create | Archer |
| 16:45 | Create | Archer |
| 16:56 | Create | Archer |
| 16:58 | Build | Lumber Camp |
| 17:01 | Create | Villager (Male) ×5 |
| 17:07 | Create | Archer |
| 17:16 | Build | House |
| 17:26 | Create | Archer |
| 18:03 | Research | Castle Age |
| 18:23 | Create | Archer |
| 18:58 | Build | House |
| 19:00 | Build | Palisade Wall |
| 19:03 | Build | House |
| 19:12 | Build | Palisade Wall |
| 19:16 | Build | Palisade Wall |
| 19:18 | Build | Palisade Wall |
| 19:20 | Build | House |
| 20:07 | Create | Archer |
| 20:07 | Create | Archer |
| 20:07 | Create | Archer |
| 20:09 | Build | House |
| 20:32 | Create | Villager (Male) |
| 20:36 | Build | Mining Camp |
| 20:46 | Create | Spearman |
| 20:51 | Age | Castle Age |
| 20:53 | Research | Crossbowman (upgrade) |
| 21:03 | Research | Bodkin Arrow |
| 21:07 | Create | Archer |
| 21:11 | Build | Monastery |
| 21:15 | Build | Town Center |
| 21:18 | Create | Villager (Male) |
| 21:22 | Build | Palisade Wall |
| 21:49 | Create | Villager (Male) |
| 21:55 | Create | Villager (Male) |
| 21:59 | Create | Monk |
| 22:06 | Create | Archer |
| 22:28 | Create | Villager (Male) |
| 22:33 | Create | Archer |
| 22:47 | Create | Villager (Male) |
| 22:52 | Create | Villager (Male) |
| 22:54 | Build | Town Center |
| 22:56 | Create | Archer |
| 22:56 | Create | Archer |
| 23:09 | Create | Villager (Male) |
| 23:12 | Build | Stable |
| 23:15 | Build | Lumber Camp |
| 23:19 | Create | Villager (Male) |
| 23:20 | Create | Villager (Male) ×3 |
| 23:39 | Create | Villager (Male) |
| 23:48 | Build | Farm |
| 23:48 | Build | Farm |
| 23:48 | Build | Farm |
| 23:49 | Build | Farm |
| 23:49 | Build | Farm |
| 23:49 | Build | Farm |
| 23:49 | Build | Farm |
| 23:49 | Build | Farm |
| 23:53 | Create | Villager (Male) ×4 |
| 24:15 | Build | Farm |
| 25:04 | Create | Villager (Male) |
| 25:10 | Build | Lumber Camp |
| 25:34 | Create | Archer |
Build order — Fs.Alive
First 150 of 913 actions detected
| 0:02 | Research | Loom |
| 0:02 | Create | Villager (Male) |
| 0:03 | Build | House |
| 0:04 | Build | House |
| 0:21 | Create | Villager (Male) |
| 0:27 | Create | Villager (Male) |
| 0:31 | Create | Villager (Male) |
| 0:44 | Create | Villager (Male) |
| 1:05 | Create | Villager (Male) |
| 1:37 | Build | Lumber Camp |
| 1:44 | Create | Villager (Male) |
| 2:07 | Create | Villager (Male) |
| 2:36 | Build | House |
| 2:39 | Create | Villager (Male) |
| 3:03 | Create | Villager (Male) |
| 3:25 | Build | Dock |
| 3:31 | Create | Villager (Male) |
| 4:03 | Create | Villager (Male) |
| 4:03 | Create | Villager (Male) |
| 4:09 | Create | Fishing Ship |
| 4:13 | Build | Palisade Wall |
| 4:15 | Build | Palisade Wall |
| 4:24 | Create | Villager (Male) |
| 4:39 | Build | Mill |
| 5:05 | Build | House |
| 5:32 | Create | Villager (Male) |
| 5:37 | Create | Fishing Ship |
| 5:47 | Build | House |
| 6:01 | Create | Villager (Male) |
| 6:24 | Create | Fishing Ship |
| 6:32 | Create | Villager (Male) |
| 6:34 | Build | House |
| 6:55 | Create | Villager (Male) |
| 7:26 | Research | Feudal Age |
| 8:00 | Build | Palisade Wall |
| 8:11 | Build | Barracks |
| 9:11 | Build | House |
| 9:16 | Create | Villager (Male) |
| 9:30 | Age | Feudal Age |
| 9:31 | Create | Fire Galley |
| 9:33 | Research | Double-Bit Axe |
| 9:35 | Create | Villager (Male) |
| 9:46 | Build | Stable |
| 9:50 | Build | Palisade Wall |
| 9:57 | Build | Palisade Wall |
| 10:08 | Create | Villager (Male) |
| 10:31 | Create | Transport Ship |
| 10:32 | Create | Scout Cavalry |
| 10:32 | Create | Scout Cavalry |
| 10:43 | Create | Villager (Male) |
| 10:49 | Build | Mill |
| 11:04 | Create | Scout Cavalry |
| 11:08 | Create | Villager (Male) |
| 11:11 | Build | House |
| 11:14 | Build | Lumber Camp |
| 11:39 | Create | Villager (Male) |
| 11:45 | Build | Mining Camp |
| 11:48 | Create | Scout Cavalry |
| 12:07 | Create | Scout Cavalry |
| 12:08 | Create | Villager (Male) |
| 12:10 | Create | Villager (Male) |
| 12:10 | Create | Villager (Male) |
| 12:12 | Build | Mill |
| 12:36 | Build | House |
| 12:38 | Build | House |
| 12:56 | Create | Villager (Male) |
| 13:03 | Build | Farm |
| 13:05 | Research | Horse Collar |
| 13:07 | Create | Villager (Male) |
| 13:09 | Build | Farm |
| 13:11 | Build | Farm |
| 13:18 | Create | Scout Cavalry |
| 13:22 | Create | Villager (Male) |
| 13:24 | Build | Farm |
| 13:28 | Build | Market |
| 13:52 | Build | Farm |
| 14:12 | Build | Farm |
| 14:32 | Build | Farm |
| 14:32 | Build | Farm |
| 14:33 | Create | Villager (Male) |
| 14:54 | Build | Farm |
| 14:55 | Create | Villager (Male) |
| 14:56 | Build | House |
| 14:59 | Build | House |
| 15:00 | Build | House |
| 15:00 | Build | House |
| 15:02 | Build | House |
| 15:26 | Build | Farm |
| 15:26 | Create | Villager (Male) |
| 15:40 | Create | Villager (Male) |
| 16:00 | Build | House |
| 16:06 | Create | Spearman |
| 16:07 | Create | Spearman |
| 16:08 | Build | House |
| 16:10 | Build | Palisade Wall |
| 16:12 | Build | Palisade Wall |
| 16:14 | Build | Farm |
| 16:28 | Create | Villager (Male) |
| 16:34 | Build | Farm |
| 16:39 | Build | Palisade Wall |
| 16:53 | Build | Farm |
| 17:04 | Build | Farm |
| 17:20 | Research | Castle Age |
| 17:58 | Research | Gold Mining |
| 17:58 | Research | Gold Mining |
| 18:29 | Research | Bloodlines |
| 18:51 | Build | Blacksmith |
| 19:18 | Build | Stable |
| 19:24 | Research | Scale Barding Armor |
| 19:25 | Research | Forging |
| 19:33 | Create | Villager (Male) |
| 19:45 | Age | Castle Age |
| 19:48 | Create | Knight |
| 20:00 | Build | Town Center |
| 20:09 | Create | Villager (Male) |
| 20:17 | Create | Villager (Male) |
| 20:26 | Create | Knight |
| 20:42 | Create | Villager (Male) |
| 20:46 | Build | Town Center |
| 20:58 | Create | Villager (Male) |
| 20:58 | Create | Villager (Male) |
| 20:59 | Build | Farm |
| 20:59 | Build | Farm |
| 20:59 | Build | Farm |
| 21:00 | Build | Farm |
| 21:00 | Build | Farm |
| 21:25 | Build | Farm |
| 21:26 | Build | Farm |
| 21:28 | Build | Farm |
| 21:29 | Create | Villager (Male) |
| 21:33 | Create | Knight |
| 21:33 | Create | Knight |
| 21:34 | Build | Farm |
| 21:35 | Build | Farm |
| 21:38 | Create | Villager (Male) |
| 21:41 | Create | Villager (Male) |
| 21:44 | Create | Villager (Male) |
| 21:46 | Build | Farm |
| 21:46 | Build | Farm |
| 21:46 | Build | Farm |
| 21:46 | Build | Farm |
| 22:09 | Create | Villager (Male) |
| 22:15 | Create | Villager (Male) |
| 22:16 | Create | Villager (Male) |
| 22:18 | Build | Farm |
| 22:18 | Build | Farm |
| 22:18 | Build | Farm |
| 22:35 | Create | Knight |
| 22:35 | Create | Knight |
| 22:42 | Create | Villager (Male) |
Build order — [Gaucho]Pipe
First 150 of 635 actions detected
| 0:02 | Create | Villager (Male) |
| 0:03 | Build | House |
| 0:06 | Research | Loom |
| 0:06 | Create | Villager (Male) |
| 0:08 | Build | House |
| 0:20 | Create | Villager (Male) |
| 0:20 | Create | Villager (Male) |
| 0:20 | Create | Villager (Male) |
| 1:15 | Create | Villager (Male) |
| 1:53 | Create | Villager (Male) |
| 2:00 | Build | Lumber Camp |
| 2:27 | Create | Villager (Male) |
| 2:27 | Create | Villager (Male) |
| 2:43 | Create | Villager (Male) |
| 2:47 | Build | House |
| 3:11 | Create | Villager (Male) |
| 3:11 | Create | Villager (Male) |
| 3:54 | Build | Dock |
| 3:55 | Create | Villager (Male) |
| 3:55 | Create | Villager (Male) |
| 4:33 | Create | Fishing Ship |
| 4:33 | Create | Fishing Ship |
| 4:54 | Build | House |
| 5:06 | Create | Villager (Male) |
| 5:22 | Create | Fishing Ship |
| 5:28 | Create | Villager (Male) |
| 5:59 | Create | Villager (Male) |
| 6:14 | Build | Mill |
| 6:17 | Create | Villager (Male) |
| 6:51 | Create | Villager (Male) |
| 7:18 | Create | Fishing Ship |
| 7:25 | Build | House |
| 7:28 | Create | Fishing Ship |
| 8:00 | Research | Feudal Age |
| 8:41 | Create | Villager (Male) |
| 8:45 | Build | Lumber Camp |
| 9:09 | Build | Mill |
| 9:15 | Build | Barracks |
| 9:55 | Create | Villager (Male) |
| 10:10 | Age | Feudal Age |
| 10:16 | Create | Villager (Male) |
| 10:19 | Build | Stable |
| 10:32 | Create | Fire Galley |
| 10:34 | Research | Double-Bit Axe |
| 10:34 | Research | Double-Bit Axe |
| 11:07 | Create | Scout Cavalry |
| 11:07 | Create | Scout Cavalry |
| 11:09 | Build | House |
| 11:18 | Create | Villager (Male) |
| 11:27 | Build | Farm |
| 11:28 | Build | Farm |
| 11:31 | Build | House |
| 11:31 | Build | House |
| 11:51 | Build | Farm |
| 11:51 | Build | Farm |
| 11:59 | Create | Scout Cavalry |
| 12:15 | Build | Farm |
| 12:27 | Create | Villager (Male) |
| 12:30 | Create | Scout Cavalry |
| 12:47 | Build | Farm |
| 12:49 | Create | Villager (Male) |
| 13:11 | Create | Scout Cavalry |
| 13:12 | Create | Villager (Male) |
| 13:14 | Build | Mining Camp |
| 13:35 | Create | Villager (Male) |
| 13:47 | Create | Villager (Male) |
| 14:05 | Create | Scout Cavalry |
| 14:06 | Create | Scout Cavalry |
| 14:07 | Create | Villager (Male) |
| 14:18 | Build | Farm |
| 14:19 | Build | Farm |
| 15:03 | Create | Villager (Male) |
| 15:05 | Build | Farm |
| 15:30 | Create | Villager (Male) |
| 15:30 | Create | Villager (Male) |
| 15:30 | Create | Villager (Male) |
| 15:33 | Build | House |
| 15:34 | Build | House |
| 15:49 | Create | Villager (Male) |
| 15:53 | Research | Wheelbarrow |
| 15:54 | Research | Wheelbarrow |
| 15:55 | Build | Market |
| 16:28 | Create | Villager (Male) |
| 16:37 | Build | Blacksmith |
| 16:43 | Build | Farm |
| 16:43 | Build | Farm |
| 16:52 | Create | Fire Galley |
| 17:22 | Build | Farm |
| 17:24 | Build | Farm |
| 17:33 | Research | Castle Age |
| 18:00 | Build | Farm |
| 18:01 | Build | Farm |
| 18:02 | Build | Farm |
| 18:10 | Research | Bloodlines |
| 18:10 | Research | Bloodlines |
| 18:21 | Build | Stable |
| 18:44 | Research | Scale Barding Armor |
| 18:44 | Research | Scale Barding Armor |
| 18:47 | Build | House |
| 18:48 | Build | House |
| 18:50 | Build | Palisade Wall |
| 19:53 | Research | Forging |
| 19:57 | Build | House |
| 19:59 | Build | House |
| 20:00 | Build | House |
| 20:13 | Age | Castle Age |
| 20:20 | Create | Knight ×2 |
| 20:43 | Build | House |
| 21:10 | Create | Knight |
| 21:10 | Create | Knight |
| 21:14 | Create | Villager (Male) |
| 21:14 | Create | Villager (Male) |
| 21:14 | Create | Villager (Male) |
| 21:49 | Build | House |
| 21:53 | Build | Farm |
| 21:53 | Build | Farm |
| 21:53 | Build | Farm |
| 21:59 | Create | Knight |
| 21:59 | Create | Knight |
| 22:05 | Build | Town Center |
| 22:19 | Create | Knight ×3 |
| 22:40 | Build | Farm |
| 22:40 | Build | Farm |
| 22:41 | Create | Villager (Male) |
| 22:41 | Create | Villager (Male) |
| 22:42 | Create | Villager (Male) |
| 23:25 | Create | Villager (Male) |
| 23:25 | Create | Villager (Male) |
| 23:48 | Build | Farm |
| 23:49 | Create | Villager (Male) |
| 23:52 | Build | Farm |
| 24:02 | Create | Villager (Male) |
| 24:02 | Create | Villager (Male) |
| 24:27 | Build | Farm |
| 24:34 | Research | Husbandry |
| 24:34 | Research | Husbandry |
| 24:37 | Create | Villager (Male) |
| 24:38 | Create | Villager (Male) |
| 24:46 | Build | House |
| 24:48 | Build | House |
| 24:59 | Build | Farm |
| 25:00 | Create | Villager (Male) |
| 25:05 | Build | Farm |
| 25:06 | Build | Farm |
| 25:19 | Create | Villager (Male) |
| 25:20 | Create | Villager (Male) |
| 25:20 | Create | Villager (Male) |
| 25:20 | Create | Villager (Male) |
| 25:20 | Create | Villager (Male) |
| 25:26 | Create | Knight |
Build order — Fs.Costinha
First 150 of 542 actions detected
| 0:02 | Research | Loom |
| 0:04 | Build | House |
| 0:06 | Build | House |
| 0:16 | Create | Villager (Male) |
| 0:16 | Create | Villager (Male) |
| 0:17 | Create | Villager (Male) |
| 0:17 | Create | Villager (Male) |
| 1:04 | Create | Villager (Male) |
| 1:04 | Create | Villager (Male) |
| 1:29 | Build | Lumber Camp |
| 1:35 | Create | Villager (Male) |
| 1:49 | Create | Villager (Male) |
| 2:13 | Create | Villager (Male) |
| 2:28 | Create | Villager (Male) |
| 3:20 | Create | Villager (Male) |
| 3:30 | Create | Villager (Male) |
| 3:37 | Build | House |
| 4:05 | Build | Dock |
| 4:09 | Build | Palisade Wall |
| 4:10 | Build | Palisade Wall |
| 4:19 | Create | Villager (Male) |
| 4:41 | Build | House |
| 5:08 | Create | Fishing Ship |
| 5:34 | Create | Fishing Ship |
| 5:37 | Create | Villager (Male) |
| 6:12 | Create | Villager (Male) |
| 6:12 | Create | Villager (Male) |
| 6:19 | Build | Palisade Wall |
| 6:20 | Build | Palisade Wall |
| 6:21 | Create | Villager (Male) |
| 6:24 | Create | Villager (Male) |
| 6:33 | Build | Palisade Wall |
| 6:34 | Build | Palisade Wall |
| 6:34 | Build | Palisade Wall |
| 6:34 | Build | Palisade Wall |
| 6:36 | Build | Palisade Wall |
| 6:38 | Create | Villager (Male) |
| 6:41 | Create | Fishing Ship |
| 6:49 | Build | House |
| 6:50 | Build | Palisade Wall |
| 6:52 | Create | Villager (Male) |
| 6:52 | Create | Villager (Male) |
| 6:56 | Build | Palisade Wall |
| 7:03 | Create | Villager (Male) |
| 7:08 | Build | House |
| 7:11 | Create | Villager (Male) |
| 7:25 | Build | Palisade Wall |
| 7:26 | Build | Palisade Wall |
| 8:09 | Build | Mill |
| 8:41 | Build | Palisade Wall |
| 8:45 | Create | Fishing Ship |
| 9:08 | Build | House |
| 9:16 | Build | Mining Camp |
| 9:20 | Research | Feudal Age |
| 9:36 | Build | House |
| 10:03 | Create | Fishing Ship |
| 10:38 | Build | House |
| 10:44 | Build | House |
| 10:45 | Build | House |
| 11:11 | Create | Villager (Male) |
| 11:12 | Create | Villager (Male) |
| 11:15 | Build | House |
| 11:18 | Build | House |
| 11:21 | Build | Palisade Wall |
| 11:25 | Build | House |
| 11:32 | Build | Palisade Wall |
| 11:33 | Build | Palisade Wall |
| 11:41 | Build | House |
| 11:46 | Age | Feudal Age |
| 11:56 | Build | Watch Tower |
| 12:00 | Create | Villager (Male) |
| 12:01 | Create | Villager (Male) |
| 12:10 | Build | Barracks |
| 12:12 | Create | Villager (Male) |
| 12:17 | Build | House |
| 12:54 | Research | Double-Bit Axe |
| 12:59 | Create | Fire Galley |
| 13:13 | Build | House |
| 13:15 | Build | Palisade Wall |
| 13:15 | Build | Palisade Wall |
| 13:17 | Create | Villager (Male) |
| 13:19 | Build | Archery Range |
| 13:56 | Build | Archery Range |
| 14:12 | Build | Palisade Wall |
| 14:14 | Build | Palisade Wall |
| 14:16 | Build | Palisade Wall |
| 14:19 | Build | Palisade Wall |
| 14:25 | Build | House |
| 14:26 | Build | House |
| 14:36 | Create | Archer |
| 14:40 | Build | House |
| 14:47 | Create | Spearman |
| 15:11 | Create | Skirmisher |
| 15:11 | Create | Skirmisher |
| 15:13 | Create | Villager (Male) |
| 15:15 | Build | House |
| 15:18 | Build | Palisade Wall |
| 15:26 | Build | Palisade Wall |
| 15:28 | Create | Skirmisher |
| 15:46 | Create | Skirmisher |
| 15:54 | Build | Market |
| 15:59 | Build | Palisade Wall |
| 16:04 | Create | Skirmisher |
| 16:05 | Create | Archer |
| 16:24 | Create | Archer |
| 16:28 | Build | Farm |
| 16:33 | Create | Archer |
| 16:43 | Create | Archer |
| 16:47 | Build | House |
| 16:55 | Create | Archer |
| 17:05 | Create | Villager (Male) |
| 17:06 | Build | Blacksmith |
| 17:18 | Create | Villager (Male) |
| 17:29 | Build | Farm |
| 17:50 | Research | Fletching |
| 17:51 | Research | Padded Archer Armor |
| 17:54 | Create | Skirmisher |
| 17:59 | Build | Mining Camp |
| 18:03 | Create | Villager (Male) |
| 18:03 | Create | Villager (Male) |
| 18:08 | Build | Palisade Wall |
| 18:18 | Build | House |
| 18:34 | Build | Lumber Camp |
| 18:40 | Build | House |
| 18:41 | Build | House |
| 18:46 | Create | Villager (Male) |
| 18:46 | Create | Villager (Male) |
| 18:54 | Create | Demolition Raft |
| 19:00 | Create | Fishing Ship |
| 19:44 | Build | Outpost |
| 19:50 | Create | Archer |
| 19:52 | Create | Villager (Male) |
| 19:54 | Build | Farm |
| 19:54 | Build | Farm |
| 19:55 | Create | Demolition Raft |
| 19:56 | Create | Demolition Raft |
| 20:00 | Create | Fishing Ship |
| 20:01 | Create | Fishing Ship |
| 20:20 | Create | Archer |
| 20:21 | Create | Archer |
| 21:03 | Build | Farm |
| 21:05 | Build | Farm |
| 21:05 | Create | Villager (Male) |
| 21:15 | Build | Mining Camp |
| 21:25 | Create | Skirmisher |
| 21:26 | Create | Skirmisher |
| 21:31 | Create | Villager (Male) |
| 21:32 | Create | Villager (Male) |
| 21:42 | Create | Skirmisher |
| 21:43 | Create | Skirmisher |
Build order — niap_cinorhc
First 150 of 556 actions detected
| 0:00 | Create | Villager (Male) |
| 0:00 | Create | Villager (Male) |
| 0:01 | Create | Villager (Male) |
| 0:05 | Research | Loom |
| 0:05 | Research | Loom |
| 0:07 | Build | House |
| 0:09 | Build | House |
| 0:18 | Create | Villager (Male) |
| 0:29 | Build | House |
| 0:46 | Create | Villager (Male) |
| 1:12 | Create | Villager (Male) |
| 1:29 | Build | Lumber Camp |
| 1:32 | Create | Villager (Male) |
| 1:39 | Build | Lumber Camp |
| 2:04 | Create | Villager (Male) |
| 2:15 | Create | Villager (Male) |
| 2:49 | Create | Villager (Male) |
| 2:57 | Create | Villager (Male) |
| 3:08 | Create | Villager (Male) |
| 3:37 | Build | Mill |
| 3:52 | Create | Villager (Male) |
| 3:52 | Create | Villager (Male) |
| 4:17 | Create | Villager (Male) |
| 4:27 | Build | House |
| 4:45 | Create | Villager (Male) |
| 5:11 | Build | Barracks |
| 5:29 | Create | Villager (Male) |
| 5:49 | Create | Villager (Male) |
| 6:17 | Create | Villager (Male) |
| 6:31 | Build | Mining Camp |
| 6:41 | Create | Villager (Male) |
| 7:10 | Research | Feudal Age |
| 7:29 | Build | Mill |
| 7:33 | Create | Militia |
| 7:53 | Create | Militia |
| 7:53 | Create | Militia |
| 7:55 | Create | Militia |
| 7:55 | Create | Militia |
| 8:07 | Build | House |
| 8:31 | Build | Mill |
| 8:39 | Create | Militia |
| 9:20 | Age | Feudal Age |
| 9:28 | Create | Villager (Male) |
| 9:32 | Research | Man-at-Arms (upgrade) |
| 9:32 | Research | Man-at-Arms (upgrade) |
| 9:58 | Build | Watch Tower |
| 9:59 | Create | Villager (Male) |
| 10:02 | Build | Farm |
| 10:08 | Create | Villager (Male) |
| 10:08 | Create | Villager (Male) |
| 10:08 | Create | Villager (Male) |
| 10:23 | Build | Watch Tower |
| 10:35 | Create | Villager (Male) |
| 11:11 | Build | Lumber Camp |
| 11:14 | Build | Farm |
| 11:17 | Build | House |
| 11:21 | Research | Town Watch |
| 11:56 | Create | Villager (Male) |
| 11:58 | Build | House |
| 11:59 | Build | House |
| 12:19 | Create | Villager (Male) |
| 12:20 | Create | Villager (Male) |
| 13:05 | Create | Villager (Male) |
| 13:05 | Create | Villager (Male) |
| 13:07 | Build | Farm |
| 13:08 | Build | Farm |
| 13:10 | Build | Farm |
| 13:11 | Build | Farm |
| 13:28 | Build | Palisade Wall |
| 13:34 | Build | Archery Range |
| 13:35 | Create | Spearman |
| 13:35 | Create | Spearman |
| 13:36 | Create | Spearman |
| 13:45 | Create | Villager (Male) |
| 13:51 | Build | House |
| 13:52 | Build | House |
| 14:03 | Build | Blacksmith |
| 14:10 | Build | Palisade Wall |
| 14:25 | Create | Archer |
| 14:25 | Create | Archer |
| 14:34 | Create | Villager (Male) |
| 14:42 | Build | Archery Range |
| 14:44 | Research | Fletching |
| 14:44 | Research | Fletching |
| 14:52 | Create | Villager (Male) |
| 14:56 | Create | Spearman |
| 14:56 | Create | Spearman |
| 14:59 | Build | Palisade Wall |
| 15:01 | Build | Palisade Wall |
| 15:05 | Build | Palisade Wall |
| 15:08 | Build | Palisade Wall |
| 15:11 | Build | Palisade Wall |
| 15:12 | Build | Palisade Wall |
| 15:13 | Build | Palisade Wall |
| 15:21 | Create | Archer |
| 15:21 | Create | Archer |
| 15:25 | Create | Villager (Male) |
| 15:49 | Create | Villager (Male) |
| 15:56 | Create | Spearman |
| 15:57 | Create | Villager (Male) |
| 16:10 | Build | Mining Camp |
| 16:32 | Create | Villager (Male) |
| 17:13 | Create | Villager (Male) |
| 17:14 | Create | Villager (Male) |
| 17:17 | Build | Lumber Camp |
| 17:27 | Build | Farm |
| 17:37 | Build | Watch Tower |
| 17:51 | Create | Archer |
| 17:52 | Create | Archer |
| 17:53 | Create | Archer |
| 17:53 | Create | Archer |
| 17:54 | Create | Archer |
| 18:03 | Create | Villager (Male) |
| 18:06 | Build | Farm |
| 18:07 | Build | Farm |
| 18:24 | Build | House |
| 18:35 | Create | Villager (Male) |
| 18:45 | Build | Mining Camp |
| 18:57 | Create | Archer |
| 18:58 | Create | Archer |
| 19:11 | Create | Villager (Male) |
| 19:11 | Create | Villager (Male) |
| 19:16 | Build | Farm |
| 19:26 | Build | House |
| 19:35 | Create | Villager (Male) |
| 19:42 | Build | House |
| 19:58 | Build | Watch Tower |
| 20:10 | Build | Palisade Wall |
| 20:21 | Build | House |
| 20:25 | Create | Villager (Male) |
| 20:37 | Build | Farm |
| 20:49 | Build | Palisade Gate |
| 20:53 | Create | Archer |
| 20:54 | Create | Archer |
| 21:06 | Create | Villager (Male) |
| 21:32 | Create | Villager (Male) |
| 21:54 | Create | Villager (Male) |
| 22:07 | Build | Watch Tower |
| 22:10 | Build | Palisade Wall |
| 22:15 | Create | Villager (Male) |
| 22:17 | Build | Market |
| 22:19 | Build | Farm |
| 22:20 | Build | Farm |
| 22:21 | Build | Farm |
| 22:36 | Create | Villager (Male) |
| 23:21 | Research | Castle Age |
| 23:21 | Research | Castle Age |
| 23:22 | Create | Archer |
| 23:24 | Create | Archer |
| 24:23 | Create | Archer |
Build order — Fs.Mister B.
First 150 of 661 actions detected
| 0:02 | Research | Loom |
| 0:03 | Build | House |
| 0:04 | Build | House |
| 0:10 | Create | Villager (Male) |
| 0:10 | Create | Villager (Male) |
| 0:21 | Create | Villager (Male) |
| 0:21 | Create | Villager (Male) |
| 1:06 | Create | Villager (Male) |
| 1:08 | Build | Lumber Camp |
| 1:57 | Create | Villager (Male) |
| 2:04 | Create | Villager (Male) |
| 2:04 | Create | Villager (Male) |
| 2:17 | Build | House |
| 2:36 | Create | Villager (Male) |
| 2:36 | Create | Villager (Male) |
| 2:55 | Create | Villager (Male) |
| 2:55 | Create | Villager (Male) |
| 3:14 | Build | Mill |
| 3:20 | Create | Villager (Male) |
| 3:37 | Create | Villager (Male) |
| 4:08 | Create | Villager (Male) |
| 4:26 | Create | Villager (Male) |
| 4:44 | Build | Dock |
| 4:52 | Create | Villager (Male) |
| 5:08 | Create | Villager (Male) |
| 5:10 | Build | House |
| 5:29 | Create | Fishing Ship |
| 6:01 | Create | Fishing Ship |
| 6:23 | Build | House |
| 6:45 | Research | Feudal Age |
| 7:08 | Build | Mining Camp |
| 7:33 | Create | Fishing Ship |
| 7:59 | Build | Barracks |
| 8:41 | Build | Palisade Gate |
| 8:47 | Build | Palisade Gate |
| 8:55 | Age | Feudal Age |
| 8:55 | Create | Villager (Male) |
| 8:55 | Create | Villager (Male) |
| 9:01 | Build | Palisade Wall |
| 9:05 | Build | House |
| 9:09 | Build | Palisade Wall |
| 9:22 | Create | Villager (Male) |
| 9:35 | Build | House |
| 9:39 | Build | House |
| 9:42 | Build | House |
| 9:44 | Build | Palisade Wall |
| 9:47 | Build | Palisade Wall |
| 9:49 | Build | Archery Range |
| 9:49 | Create | Villager (Male) |
| 10:00 | Create | Villager (Male) |
| 10:12 | Create | Villager (Male) |
| 10:23 | Build | Mill |
| 10:23 | Create | Archer |
| 10:37 | Build | Palisade Wall |
| 10:44 | Create | Villager (Male) |
| 10:45 | Create | Archer |
| 10:50 | Create | Fishing Ship |
| 11:00 | Build | Palisade Wall |
| 11:06 | Create | Villager (Male) |
| 11:31 | Create | Archer |
| 11:34 | Create | Fishing Ship |
| 11:51 | Build | Blacksmith |
| 12:04 | Build | Farm |
| 12:06 | Build | Farm |
| 12:06 | Create | Villager (Male) |
| 12:16 | Build | Palisade Wall |
| 12:31 | Build | Farm |
| 12:31 | Create | Villager (Male) |
| 12:45 | Research | Fletching |
| 12:57 | Build | House |
| 13:08 | Build | Farm |
| 13:09 | Build | Farm |
| 13:10 | Create | Villager (Male) |
| 13:22 | Create | Villager (Male) |
| 13:26 | Build | House |
| 13:48 | Build | Palisade Wall |
| 14:17 | Create | Archer |
| 14:21 | Build | Farm |
| 14:22 | Build | Farm |
| 14:37 | Create | Villager (Male) |
| 14:37 | Build | Farm |
| 14:54 | Create | Villager (Male) |
| 14:59 | Build | Farm |
| 15:03 | Build | Farm |
| 15:06 | Create | Archer |
| 15:27 | Create | Archer |
| 15:39 | Build | Palisade Gate |
| 15:47 | Create | Villager (Male) |
| 16:13 | Create | Archer |
| 16:18 | Build | Palisade Wall |
| 16:27 | Research | Castle Age |
| 16:27 | Create | Archer |
| 16:30 | Build | House |
| 16:40 | Research | Double-Bit Axe |
| 16:40 | Research | Double-Bit Axe |
| 16:50 | Create | Archer |
| 16:58 | Build | House |
| 16:59 | Build | House |
| 17:04 | Create | Archer |
| 17:15 | Research | Padded Archer Armor |
| 18:03 | Create | Archer |
| 18:20 | Create | Archer |
| 18:23 | Build | Archery Range |
| 18:53 | Build | House |
| 18:54 | Build | Palisade Wall |
| 19:07 | Age | Castle Age |
| 19:11 | Research | Crossbowman (upgrade) |
| 19:12 | Research | Bodkin Arrow |
| 19:12 | Create | Villager (Male) |
| 19:15 | Build | University |
| 19:18 | Create | Archer |
| 19:18 | Create | Archer |
| 19:20 | Create | Villager (Male) |
| 19:26 | Build | Palisade Gate |
| 19:29 | Create | Archer |
| 19:41 | Create | Villager (Male) |
| 19:43 | Build | Farm |
| 19:44 | Create | Villager (Male) |
| 20:37 | Create | Archer |
| 20:48 | Create | Villager (Male) |
| 21:01 | Research | Ballistics |
| 21:01 | Research | Ballistics |
| 21:09 | Create | Villager (Male) |
| 21:11 | Create | Villager (Male) |
| 21:12 | Create | Villager (Male) |
| 21:34 | Create | Archer |
| 21:35 | Create | Villager (Male) |
| 22:08 | Create | Archer |
| 22:10 | Create | Villager (Male) |
| 22:13 | Create | Villager (Male) |
| 22:19 | Create | Archer |
| 22:27 | Create | Villager (Male) |
| 22:45 | Build | Town Center |
| 23:02 | Create | Villager (Male) |
| 23:31 | Create | Villager (Male) |
| 23:36 | Create | Villager (Male) |
| 23:49 | Create | Archer |
| 24:22 | Build | Lumber Camp |
| 24:24 | Create | Villager (Male) |
| 24:26 | Create | Archer |
| 24:52 | Create | Archer |
| 24:52 | Create | Archer |
| 24:57 | Create | Villager (Male) |
| 24:57 | Create | Villager (Male) |
| 25:10 | Create | Archer |
| 25:10 | Create | Archer |
| 25:13 | Create | Villager (Male) |
| 25:22 | Create | Villager (Male) |
| 25:33 | Research | Bow Saw |
| 25:39 | Create | Villager (Male) |
Build order — Near
First 150 of 540 actions detected
| 0:02 | Create | Villager (Male) |
| 0:03 | Build | House |
| 0:04 | Build | House |
| 0:05 | Research | Loom |
| 0:18 | Create | Villager (Male) |
| 0:25 | Create | Villager (Male) |
| 0:37 | Create | Villager (Male) |
| 0:38 | Create | Villager (Male) |
| 1:03 | Create | Villager (Male) |
| 1:15 | Build | Lumber Camp |
| 1:50 | Create | Villager (Male) |
| 1:54 | Create | Villager (Male) |
| 2:38 | Create | Villager (Male) |
| 2:47 | Build | House |
| 2:50 | Create | Villager (Male) |
| 3:14 | Create | Villager (Male) |
| 3:38 | Create | Villager (Male) |
| 3:39 | Create | Villager (Male) |
| 3:56 | Build | Barracks |
| 4:09 | Create | Villager (Male) |
| 4:52 | Build | House |
| 5:06 | Create | Militia |
| 5:07 | Create | Militia |
| 5:13 | Build | House |
| 5:17 | Create | Villager (Male) |
| 5:58 | Create | Villager (Male) |
| 6:19 | Create | Villager (Male) |
| 6:31 | Create | Militia |
| 6:41 | Create | Villager (Male) |
| 6:56 | Build | Dock |
| 7:04 | Build | Mill |
| 7:11 | Create | Villager (Male) |
| 7:40 | Build | Mill |
| 7:44 | Create | Villager (Male) |
| 8:04 | Build | House |
| 8:05 | Create | Villager (Male) |
| 8:40 | Create | Villager (Male) |
| 9:10 | Create | Villager (Male) |
| 9:15 | Create | Fishing Ship |
| 9:36 | Create | Villager (Male) |
| 10:09 | Create | Villager (Male) |
| 10:19 | Create | Fishing Ship |
| 10:24 | Research | Feudal Age |
| 10:41 | Build | Mining Camp |
| 11:51 | Create | Fishing Ship |
| 12:15 | Create | Villager (Male) |
| 12:30 | Build | Palisade Wall |
| 12:34 | Age | Feudal Age |
| 12:36 | Create | Villager (Male) |
| 12:40 | Build | Archery Range |
| 12:43 | Build | Archery Range |
| 13:02 | Create | Villager (Male) |
| 13:20 | Create | Archer |
| 13:23 | Build | House |
| 13:24 | Create | Archer |
| 13:38 | Create | Villager (Male) |
| 13:40 | Build | Market |
| 13:46 | Build | Market |
| 14:04 | Create | Demolition Raft |
| 14:19 | Build | Blacksmith |
| 14:21 | Create | Villager (Male) |
| 14:26 | Create | Archer |
| 14:26 | Create | Archer |
| 14:29 | Build | House |
| 14:40 | Research | Castle Age |
| 14:45 | Create | Archer |
| 15:02 | Create | Archer |
| 15:32 | Create | Archer |
| 15:43 | Create | Archer |
| 15:49 | Build | Lumber Camp |
| 15:53 | Build | House |
| 15:55 | Create | Archer |
| 16:07 | Create | Demolition Raft |
| 16:22 | Create | Villager (Male) |
| 16:23 | Create | Archer |
| 16:26 | Build | Farm |
| 16:45 | Create | Archer |
| 17:01 | Create | Archer |
| 17:06 | Build | House |
| 17:22 | Age | Castle Age |
| 17:22 | Build | Farm |
| 17:24 | Research | Crossbowman (upgrade) |
| 17:26 | Research | Fletching |
| 17:33 | Create | Archer |
| 17:44 | Build | Lumber Camp |
| 17:58 | Create | Villager (Male) |
| 18:02 | Build | House |
| 18:03 | Build | House |
| 18:06 | Build | Palisade Wall |
| 18:08 | Build | House |
| 18:10 | Build | House |
| 18:15 | Create | Archer |
| 18:15 | Create | Archer |
| 18:20 | Build | House |
| 18:23 | Build | House |
| 18:27 | Build | House |
| 18:29 | Build | House |
| 18:34 | Create | Villager (Male) ×2 |
| 18:52 | Research | Bodkin Arrow |
| 19:04 | Create | Archer |
| 19:05 | Create | Villager (Male) |
| 19:06 | Create | Archer |
| 19:20 | Build | Farm |
| 19:20 | Build | Farm |
| 19:22 | Create | Archer |
| 19:29 | Build | House |
| 19:32 | Create | Archer |
| 19:48 | Create | Archer |
| 19:57 | Build | Farm |
| 20:16 | Create | Villager (Male) |
| 20:24 | Build | University |
| 20:32 | Create | Villager (Male) |
| 20:36 | Create | Archer |
| 20:36 | Create | Archer |
| 21:03 | Create | Archer |
| 21:03 | Create | Villager (Male) |
| 21:34 | Research | Ballistics |
| 21:34 | Research | Ballistics |
| 21:35 | Create | Villager (Male) |
| 21:36 | Create | Archer |
| 21:36 | Create | Archer |
| 21:49 | Build | Farm |
| 21:54 | Create | Archer |
| 21:55 | Create | Villager (Male) |
| 22:20 | Create | Archer |
| 22:21 | Create | Villager (Male) |
| 22:25 | Create | Archer |
| 22:31 | Create | Villager (Male) |
| 23:05 | Create | Archer |
| 23:05 | Create | Archer |
| 23:06 | Create | Villager (Male) |
| 23:33 | Create | Archer |
| 23:36 | Build | Town Center |
| 23:40 | Create | Villager (Male) |
| 23:51 | Create | Archer |
| 24:24 | Create | Villager (Male) |
| 24:52 | Create | Archer |
| 24:52 | Create | Archer |
| 24:55 | Create | Villager (Male) |
| 25:04 | Build | Town Center |
| 25:12 | Create | Archer |
| 25:18 | Build | Archery Range |
| 25:21 | Create | Villager (Male) |
| 25:31 | Build | Farm |
| 25:32 | Create | Villager (Male) |
| 25:33 | Create | Archer |
| 25:37 | Research | Padded Archer Armor |
| 25:46 | Create | Villager (Male) |
| 25:48 | Create | Archer |
| 26:05 | Build | Farm |
Match timeline
| 2:37 | AceRx · first_building Dock |
| 3:25 | Fs.Alive · first_building Dock |
| 3:50 | Fs.Nicolau Mendes · first_building Dock |
| 3:54 | [Gaucho]Pipe · first_building Dock |
| 3:56 | Near · first_building Barracks |
| 4:05 | Fs.Costinha · first_building Dock |
| 4:09 | Fs.Costinha · wall_segment Palisade Wall x1 |
| 4:10 | Fs.Costinha · wall_segment Palisade Wall x1 |
| 4:13 | Fs.Alive · wall_segment Palisade Wall x1 |
| 4:15 | Fs.Alive · wall_segment Palisade Wall x1 |
| 4:44 | Fs.Mister B. · first_building Dock |
| 5:11 | niap_cinorhc · first_building Barracks |
| 6:19 | Fs.Costinha · wall_segment Palisade Wall x2 |
| 6:20 | Fs.Costinha · wall_segment Palisade Wall x1 |
| 6:33 | Fs.Costinha · wall_segment Palisade Wall x1 |
| 6:34 | Fs.Costinha · wall_segment Palisade Wall x1 |
| 6:34 | Fs.Costinha · wall_segment Palisade Wall x1 |
| 6:34 | Fs.Costinha · wall_segment Palisade Wall x1 |
| 6:36 | Fs.Costinha · wall_segment Palisade Wall x1 |
| 6:50 | Fs.Costinha · wall_segment Palisade Wall x1 |
| 6:56 | Fs.Costinha · wall_segment Palisade Wall x5 |
| 6:56 | Near · first_building Dock |
| 7:25 | Fs.Costinha · wall_segment Palisade Wall x2 |
| 7:26 | Fs.Costinha · wall_segment Palisade Wall x1 |
| 7:59 | Fs.Mister B. · first_building Barracks |
| 8:00 | Fs.Alive · wall_segment Palisade Wall x5 |
| 8:11 | Fs.Alive · first_building Barracks |
| 8:14 | AceRx · first_building Barracks |
| 8:40 | Fs.Nicolau Mendes · first_building Barracks |
| 8:41 | Fs.Costinha · wall_segment Palisade Wall x1 |
| 8:55 | Fs.Mister B. · age_up feudal |
| 9:01 | Fs.Mister B. · wall_segment Palisade Wall x1 |
| 9:09 | Fs.Mister B. · wall_segment Palisade Wall x1 |
| 9:15 | [Gaucho]Pipe · first_building Barracks |
| 9:20 | niap_cinorhc · age_up feudal |
| 9:30 | Fs.Alive · age_up feudal |
| 9:44 | Fs.Mister B. · wall_segment Palisade Wall x1 |
| 9:46 | Fs.Alive · first_building Stable |
| 9:47 | Fs.Mister B. · wall_segment Palisade Wall x1 |
| 9:49 | Fs.Mister B. · first_building Archery Range |
| 9:50 | Fs.Alive · wall_segment Palisade Wall x5 |
| 9:51 | AceRx · age_up feudal |
| 9:53 | Fs.Nicolau Mendes · age_up feudal |
| 9:54 | AceRx · first_building Stable |
| 9:57 | Fs.Alive · wall_segment Palisade Wall x2 |
| 9:59 | Fs.Nicolau Mendes · first_building Archery Range |
| 10:10 | [Gaucho]Pipe · age_up feudal |
| 10:19 | [Gaucho]Pipe · first_building Stable |
| 10:37 | Fs.Mister B. · wall_segment Palisade Wall x1 |
| 11:00 | Fs.Mister B. · wall_segment Palisade Wall x1 |
| 11:21 | Fs.Costinha · wall_segment Palisade Wall x1 |
| 11:32 | Fs.Costinha · wall_segment Palisade Wall x1 |
| 11:33 | Fs.Costinha · wall_segment Palisade Wall x1 |
| 11:46 | Fs.Costinha · age_up feudal |
| 12:10 | Fs.Costinha · first_building Barracks |
| 12:16 | Fs.Mister B. · wall_segment Palisade Wall x4 |
| 12:30 | Near · wall_segment Palisade Wall x9 |
| 12:34 | Near · age_up feudal |
| 12:40 | Near · first_building Archery Range |
| 13:15 | Fs.Costinha · wall_segment Palisade Wall x1 |
| 13:15 | Fs.Costinha · wall_segment Palisade Wall x1 |
| 13:19 | Fs.Costinha · first_building Archery Range |
| 13:28 | niap_cinorhc · wall_segment Palisade Wall x1 |
| 13:34 | niap_cinorhc · first_building Archery Range |
| 13:48 | Fs.Mister B. · wall_segment Palisade Wall x11 |
| 14:10 | niap_cinorhc · wall_segment Palisade Wall x1 |
| 14:12 | Fs.Costinha · wall_segment Palisade Wall x1 |
| 14:14 | Fs.Costinha · wall_segment Palisade Wall x1 |
| 14:16 | Fs.Costinha · wall_segment Palisade Wall x1 |
| 14:19 | Fs.Costinha · wall_segment Palisade Wall x2 |
| 14:39 | Near · first_market_sell 100 stone |
| 14:59 | niap_cinorhc · wall_segment Palisade Wall x1 |
| 15:01 | niap_cinorhc · wall_segment Palisade Wall x1 |
| 15:05 | niap_cinorhc · wall_segment Palisade Wall x1 |
| 15:08 | niap_cinorhc · wall_segment Palisade Wall x1 |
| 15:11 | niap_cinorhc · wall_segment Palisade Wall x1 |
| 15:12 | niap_cinorhc · wall_segment Palisade Wall x1 |
| 15:13 | niap_cinorhc · wall_segment Palisade Wall x1 |
| 15:17 | AceRx · wall_segment Palisade Wall x4 |
| 15:18 | Fs.Costinha · wall_segment Palisade Wall x5 |
| 15:19 | AceRx · wall_segment Palisade Wall x1 |
| 15:25 | AceRx · wall_segment Palisade Wall x4 |
| 15:26 | Fs.Costinha · wall_segment Palisade Wall x6 |
| 15:36 | AceRx · wall_segment Palisade Wall x7 |
| 15:59 | Fs.Costinha · wall_segment Palisade Wall x6 |
| 16:10 | Fs.Alive · wall_segment Palisade Wall x1 |
| 16:12 | Fs.Alive · wall_segment Palisade Wall x1 |
| 16:18 | Fs.Mister B. · wall_segment Palisade Wall x1 |
| 16:39 | Fs.Alive · wall_segment Palisade Wall x1 |
| 17:22 | Near · age_up castle |
| 17:52 | AceRx · wall_segment Palisade Wall x1 |
| 17:53 | AceRx · wall_segment Palisade Wall x1 |
| 18:06 | Near · wall_segment Palisade Wall x4 |
| 18:08 | Fs.Costinha · wall_segment Palisade Wall x1 |
| 18:50 | [Gaucho]Pipe · wall_segment Palisade Wall x1 |
| 18:52 | Near · first_market_buy 100 food |
| 18:54 | Fs.Mister B. · wall_segment Palisade Wall x6 |
| 19:00 | Fs.Nicolau Mendes · wall_segment Palisade Wall x1 |
| 19:07 | Fs.Mister B. · age_up castle |
| 19:10 | AceRx · age_up castle |
| 19:12 | Fs.Nicolau Mendes · wall_segment Palisade Wall x1 |
| 19:16 | Fs.Nicolau Mendes · wall_segment Palisade Wall x1 |
| 19:18 | Fs.Nicolau Mendes · wall_segment Palisade Wall x1 |
| 19:39 | AceRx · first_building Monastery |
| 19:45 | Fs.Alive · age_up castle |
| 20:10 | niap_cinorhc · wall_segment Palisade Wall x1 |
| 20:13 | [Gaucho]Pipe · age_up castle |
| 20:51 | Fs.Nicolau Mendes · age_up castle |
| 21:00 | Fs.Nicolau Mendes · first_market_sell 100 wood |
| 21:02 | Fs.Nicolau Mendes · first_market_buy 100 food |
| 21:11 | Fs.Nicolau Mendes · first_building Monastery |
| 21:22 | Fs.Nicolau Mendes · wall_segment Palisade Wall x1 |
| 21:43 | AceRx · first_market_sell 100 wood |
| 21:44 | AceRx · first_market_buy 100 stone |
| 21:48 | Fs.Costinha · first_market_buy 100 food |
| 22:10 | niap_cinorhc · wall_segment Palisade Wall x1 |
| 22:18 | [Gaucho]Pipe · first_market_sell 100 food |
| 23:12 | Fs.Nicolau Mendes · first_building Stable |
| 23:16 | niap_cinorhc · first_market_buy 100 food |
| 25:13 | Fs.Costinha · age_up castle |
| 26:01 | niap_cinorhc · age_up castle |
| 26:07 | Fs.Costinha · first_building Castle |
| 27:13 | [Gaucho]Pipe · first_building Monastery |
| 27:16 | Fs.Costinha · wall_segment Palisade Wall x1 |
| 28:30 | niap_cinorhc · first_market_sell 100 wood |
| 28:38 | Fs.Alive · first_market_buy 100 wood |
| 28:39 | Fs.Costinha · first_market_sell 100 wood |
| 29:10 | Fs.Mister B. · first_building Castle |
| 29:16 | Fs.Costinha · wall_segment Stone Wall x7 |
| 30:35 | Fs.Nicolau Mendes · first_building Castle |
| 30:40 | Fs.Costinha · wall_segment Stone Wall x1 |
| 31:27 | Fs.Alive · first_building Monastery |
| 31:50 | Near · first_building Castle |
| 32:19 | Fs.Costinha · wall_segment Stone Wall x1 |
| 32:21 | Fs.Costinha · wall_segment Stone Wall x2 |
| 32:50 | [Gaucho]Pipe · first_market_buy 100 food |
| 33:07 | niap_cinorhc · first_building Castle |
| 34:10 | niap_cinorhc · first_building Siege Workshop |
| 34:43 | AceRx · age_up imperial |
| 34:47 | Fs.Alive · age_up imperial |
| 35:30 | niap_cinorhc · wall_segment Stone Wall x10 |
| 36:33 | niap_cinorhc · wall_segment Stone Wall x4 |
| 36:35 | niap_cinorhc · wall_segment Stone Wall x10 |
| 37:07 | Near · age_up imperial |
| 37:17 | niap_cinorhc · wall_segment Stone Wall x6 |
| 37:19 | Fs.Mister B. · first_market_buy 100 food |
| 37:39 | Fs.Alive · first_building Castle |
| 37:47 | AceRx · first_building Castle |
| 37:53 | Fs.Costinha · wall_segment Stone Wall x1 |
| 38:04 | Fs.Costinha · age_up imperial |
| 38:13 | Fs.Mister B. · wall_segment Stone Wall x1 |
| 38:16 | niap_cinorhc · age_up imperial |
| 38:21 | Fs.Mister B. · wall_segment Stone Wall x10 |
| 38:22 | Fs.Mister B. · wall_segment Stone Wall x1 |
| 38:25 | Fs.Mister B. · wall_segment Stone Wall x4 |
| 38:38 | Fs.Costinha · wall_segment Stone Wall x1 |
| 38:39 | Fs.Costinha · wall_segment Stone Wall x3 |
| 38:40 | Fs.Costinha · wall_segment Stone Wall x8 |
| 38:55 | Fs.Mister B. · wall_segment Stone Wall x1 |
| 39:30 | [Gaucho]Pipe · age_up imperial |
| 39:37 | Fs.Nicolau Mendes · age_up imperial |
| 40:48 | Fs.Mister B. · age_up imperial |
| 41:26 | Near · first_building Siege Workshop |
| 41:35 | Fs.Mister B. · wall_segment Stone Wall x1 |
| 41:37 | Fs.Mister B. · wall_segment Stone Wall x1 |
| 41:59 | [Gaucho]Pipe · first_building Castle |
| 42:02 | Fs.Mister B. · first_market_sell 100 wood |
| 43:31 | [Gaucho]Pipe · first_building Siege Workshop |
| 43:52 | Fs.Alive · wall_segment Stone Wall x1 |
| 44:07 | Fs.Alive · wall_segment Stone Wall x1 |
| 44:17 | Fs.Costinha · wall_segment Stone Wall x1 |
| 44:33 | Near · wall_segment Stone Wall x11 |
| 45:07 | Fs.Alive · wall_segment Stone Wall x7 |
| 46:37 | Fs.Alive · first_market_sell 100 wood |
| 47:45 | Fs.Costinha · first_building Monastery |
| 48:55 | Fs.Costinha · wall_segment Stone Wall x1 |
| 50:32 | AceRx · tribute_sent a jugador 1 |
| 50:32 | AceRx · tribute_sent a jugador 3 |
| 50:32 | AceRx · tribute_sent a jugador 4 |
| 50:32 | AceRx · tribute_sent a jugador 5 |
| 50:32 | AceRx · tribute_sent a jugador 6 |
| 50:32 | AceRx · tribute_sent a jugador 7 |
| 50:32 | AceRx · tribute_sent a jugador 8 |
| 54:08 | Fs.Alive · wall_segment Stone Wall x1 |
| 54:10 | Fs.Alive · wall_segment Stone Wall x1 |
| 54:23 | Fs.Alive · first_building Siege Workshop |
| 54:25 | Fs.Costinha · wall_segment Stone Wall x1 |
| 54:26 | Fs.Costinha · wall_segment Stone Wall x1 |
| 54:28 | Fs.Costinha · wall_segment Stone Wall x1 |
| 54:34 | Fs.Costinha · wall_segment Stone Wall x1 |
| 54:36 | Fs.Costinha · wall_segment Stone Wall x1 |
| 54:38 | Fs.Costinha · wall_segment Stone Wall x1 |
| 55:29 | Fs.Costinha · wall_segment Palisade Wall x1 |
| 59:08 | Fs.Mister B. · first_building Stable |
| 61:48 | Fs.Alive · wall_segment Stone Wall x1 |
| 62:58 | Fs.Mister B. · resign |
[ AI ANALYSIS · 1 CREDIT ]
What really happened in this match?
Wolo.gg analyzes every decision: build order, eco, micro, common mistakes by bracket. Personalized analysis on WhatsApp or Discord in 30 seconds.
Civ guide
Georgians
Perfil
Jugador #3302487